 Dungeon Crawl Stone Soup version 0.27-a0-1065-ge809cff456 (webtiles) character file.

Game seed: 8690719039884431063

45 soylentgreeen202 the Sneak (level 3, -2/23 HPs)
             Began as a Kobold Delver on Apr 23, 2021.
             Was an Initiate of Ashenzari.
             Slain by a kobold brigand
             ... wielding a +0 dagger
              (3 damage)
             ... in a sewer.
             The game lasted 00:11:25 (781 turns).

soylentgreeen202 the Sneak (Kobold Delver)           Turns: 781, Time: 00:11:25

Health: -2/23      AC:  3    Str: 10    XL:     3   Next: 90%
Magic:  3/3        EV: 14    Int: 11    God:    Ashenzari [......]
Gold:   36         SH:  0    Dex: 16    Spells: 2/2 levels left

rFire    . . .     SeeInvis .   a - +0 short sword
rCold    . . .     Faith    .   (shield restricted)
rNeg     . . .     Spirit   .   b - +0 leather armour
rPois    .         Reflect  .   (no helmet)
rElec    .         Harm     .   (no cloak)
rCorr    .         Rampage  .   (no gloves)
Will     .....                  (no boots)
Stlth    ++++......             (no amulet)
HPRegen  0.07/turn              (no ring)
MPRegen  0.08/turn              (no ring)

@: hasted, very quick
A: small, no large weapons, nightstalker 3
a: Renounce Religion


You were in a sewer.
You worshipped Ashenzari.
Ashenzari was noncommittal.
You visited 1 branch of the dungeon, and saw 4 of its levels.
You also visited: Sewer.

You collected 36 gold pieces.

Inventory:

Hand Weapons
 a - a +0 short sword (weapon)
 h - a +0 hand crossbow
Missiles
 i - 8 javelins
Armour
 b - a +0 leather armour (worn)
Wands
 g - a wand of digging (2)
Scrolls
 e - a scroll of fear


   Skills:
 + Level 3.6 Fighting
 - Level 4.0 Short Blades
 - Level 3.0 Dodging
 - Level 7.0 Stealth


You had 2 spell levels left.
You didn't know any spells.
Your spell library was empty.

Dungeon Overview and Level Annotations

Branches:
Dungeon (5/15)             Temple (0/1) D:5           Sewer (1/1)

Altars:
Ashenzari


Innate Abilities, Weirdness & Mutations

You are small and have problems with some larger weapons.
You are completely attuned to the shadows.


Message History

You barely miss the kobold brigand.
The kobold brigand is moderately wounded.
You hit the kobold brigand but do no damage.
The kobold brigand is moderately wounded.
The kobold brigand splashes around in the water.
You hit the kobold brigand but do no damage.
The kobold brigand is moderately wounded.
You hit the kobold brigand.
The kobold brigand is severely wounded.
The kobold brigand hits you but does no damage.
You barely miss the kobold brigand.
The kobold brigand is severely wounded.
You hit the kobold brigand.
The kobold brigand is almost dead.
The kobold brigand splashes around in the water.
You miss the kobold brigand.
The kobold brigand is almost dead.
The kobold brigand splashes around in the water.
You hit the kobold brigand but do no damage.
The kobold brigand is almost dead.
You hit the kobold brigand.
The kobold brigand is almost dead.
The kobold brigand hits you with a +0 dagger.
You hit the kobold brigand but do no damage.
The kobold brigand is almost dead.
You hit the kobold brigand but do no damage.
The kobold brigand is almost dead.
The kobold brigand hits you with a +0 dagger.
* * * LOW HITPOINT WARNING * * *
You closely miss the kobold brigand.
The kobold brigand is almost dead.
The kobold brigand hits you with a +0 dagger.
* * * LOW HITPOINT WARNING * * *
Okay, then.
As you read the scroll of fog, it crumbles to dust.
The scroll dissolves into smoke.
You closely miss the kobold brigand.
The kobold brigand is almost dead.
The kobold brigand hits you with a +0 dagger.
You die... ############################ #†...∩.∩§§§@K§≈≈≈≈≈≈≈≈≈≈≈≈≈≈ ############################

You could see a kobold brigand.

Vanquished Creatures
  2 river rats (Sewer)
  An adder (D:4)
  An endoplasm (D:2)
  3 giant cockroaches (D:4)
  A goblin (D:2)
  2 jackals (Sewer)
  3 quokkas (D:4)
  A ball python (D:3)
  4 rats
18 creatures vanquished.

Notes
Turn   | Place    | Note
-------+----------+-------------------------------------------
     0 | D:5      | soylentgreeen202 the Kobold Delver began the quest for the
                  | Orb.
     0 | D:5      | Reached XP level 1. HP: 14/14 MP: 1/1
     7 | D:5      | Found a broken altar of Ashenzari.
    12 | D:5      | Became a worshipper of Ashenzari the Shackled
   111 | D:5      | Found a staircase to the Ecumenical Temple.
   119 | D:5      | Noticed a scorpion
   341 | D:4      | Reached skill level 7 in Stealth
   341 | D:4      | Reached XP level 2. HP: 19/19 MP: 2/2
   408 | D:4      | Found a glowing drain.
   412 | D:4      | Reached XP level 3. HP: 11/23 MP: 3/3
   416 | Sewer    | Entered a sewer
   709 | Sewer    | Noticed a kobold brigand
   775 | Sewer    | HP: 1/23 [kobold brigand/+0 dagger (5)]
   781 | Sewer    | Slain by a kobold brigand

Illustrated notes

Levels and vault maps discovered:
D:2:      layout_loops_cross, chequers_serial_rivers_micro_d, kennysheep_path_1,
          minivault_24, uniq_jessica
D:3:      layout_rooms, kennysheep_pointless_box, uniq_ijyb
D:4:      minmay_octagon_keep, layout_rooms, gup_sewer_entry_pipe,
          lemuel_flame_loot_1
D:5:      layout_gridville, nicolae_overflow_hidden_temple,
          minmay_temple_entry_butterflies, serial_bayou_pond_b, uniq_pikel
Sewer:    sewer_kobolds

Skill      XL: |  1  2  3 |
---------------+----------+-----
Short Blades   | 3 4 |  4.0
Stealth        | 7 |  7.0
Dodging        | 3 |  3.0
Fighting       | |  3.6

Action                   || total
-------------------------++-------
Melee: Short sword       ||   113
Evoke: Wand              ||     1
  Use: Scroll            ||     3
       Potion            ||     1
 Stab: Sleeping          ||     7
Armor: Leather armour    ||    16
Dodge: Dodged            ||    73

Table legend: (Time is in decaauts)
 A = Elapsed time spent in this place.
 B = Non-inter-level travel time spent in this place.
 C = Inter-level travel time spent in this place.
 D = Time resting spent in this place.
 E = Time spent auto-exploring this place.
 F = Levels seen in this place.
 G = Mean time per level.
                   A        B        C        D        E       F      G
               +--------+--------+--------+--------+--------+-----+--------+
         Total |    803 |    803 |      0 |    213 |      0 |   5 |  160.6 |
       Dungeon |    423 |    423 |      0 |     32 |      0 |   4 |  105.8 |
         Sewer |    380 |    380 |      0 |    181 |      0 |   1 |  380.0 |
               +--------+--------+--------+--------+--------+-----+--------+

Top non-repeatable levels by time:
   Sewer: 380 daAuts
     D:5: 171 daAuts
     D:4: 111 daAuts
     D:3: 92 daAuts
     D:2: 49 daAuts
